 Dungeon Crawl Stone Soup version 0.31-a0-267-g3fc6992b3b (webtiles) character file.

Game seed: 5169044165091730099

107 qw the Shooter (level 4, 0/36 HPs)
             Began as a Minotaur Hexslinger on July 13, 2023.
             Slain by an orc wizard
             ... wielding a +0 dagger
              (2 damage)
             ... on level 2 of the Dungeon.
             The game lasted 00:00:32 (707 turns).

qw the Shooter (Minotaur Hexslinger)                 Turns: 707, Time: 00:00:32

Health: 0/36       AC:  2    Str: 13    XL:     4   Next: 56%
Magic:  4/4        EV: 12    Int: 10    God:
Gold:   96         SH:  0    Dex: 14    Spells: 4/5 levels left

rFire   . . .        Y - +1 sling
rCold   . . .        (no shield)
rNeg    . . .        c - +0 robe
rPois   .            (helmet restricted)
rElec   .            (no cloak)
rCorr   .            (no gloves)
SInv    .            (no boots)
Will    .....        (no amulet)
Stlth   +            (no ring)
HPRegen 0.26/turn    (no ring)
MPRegen 0.09/turn

%: no passive effects
@: confused
A: horns 2, retaliatory headbutt
a: no special abilities


You were on level 2 of the Dungeon.
You visited 1 branch of the dungeon, and saw 2 of its levels.

You collected 96 gold pieces.


Innate Abilities, Weirdness & Mutations

You have a pair of horns on your head.
You reflexively headbutt those who attack you in melee.


   Skills:
 + Level 2.0 Fighting
 - Level 5.1 Ranged Weapons
 - Level 2.1 Dodging
 - Level 1.0 Spellcasting
 - Level 2.0 Hexes


You had 4 spell levels left.
You knew the following spells:

 Your Spells              Type           Power      Damage    Failure   Level
a - Slow                  Hex            16%        N/A       16%         1

Your spell library contained the following spells:

 Spells                   Type           Power      Damage    Failure   Level
 Inner Flame              Hex/Fire       2%         N/A       56%         3
 Portal Projectile        Hex/Tloc       4%         N/A       56%         3
 Cause Fear               Hex            2%         N/A       83%         4

Inventory:

Hand Weapons
 Y - a +1 sling (weapon)
Armour
 b - a +0 leather armour
 c - a +0 robe (worn)
Scrolls
 e - a scroll of identify {unknown}
Potions
 a - a potion of mutation {unknown}
 d - a potion of heal wounds {unknown}
 f - a potion of curing {unknown}

Dungeon Overview and Level Annotations

Branches:
Dungeon (2/15)

Altars:


Message History

The orc attacks as you move away! The orc hits you with a +0 club.
The orc priest looks encouraged for a moment.
697 ||| Stepping ~*~*~tactically~*~*~ (outnumbered).
The orc attacks as you move away! The orc hits you but does no damage.
You shoot a sling bullet.
The sling bullet closely misses the orc.
The orc barely misses you.
699 ||| Stepping ~*~*~tactically~*~*~ (outnumbered).
You shoot a sling bullet. The sling bullet hits the orc.
The orc is almost dead.
The orc barely misses you. The orc hits you with a +0 club.
You shoot a sling bullet. The sling bullet hits the orc.
You kill the orc!
The orc closely misses you. You furiously retaliate!
You headbutt the orc!
You kill the orc!
You shoot a sling bullet.
The sling bullet hits the orc priest but does no damage.
The orc priest is severely wounded.
The orc priest barely misses you.
The orc wizard hits you with a +0 dagger.
You shoot a sling bullet.
The sling bullet closely misses the orc priest.
The orc priest looks braver for a moment.
The orc priest hits you with a +0 whip.
The orc wizard hits you with a +0 dagger.
The orc wizard gestures at you while chanting.
The puff of flame hits you.
You shoot a sling bullet. The sling bullet hits the orc priest.
You kill the orc priest!
The orc wizard closely misses you. You furiously retaliate!
You headbutt the orc wizard, but do no damage.
The orc wizard points at you and mumbles some strange words.
You are confused.
Your Ranged Weapons skill increases to level 5!
The orc wizard hits you but does no damage.
The orc wizard hits you with a +0 dagger.
The orc wizard points at you and mumbles some strange words.
The magic dart hits you. The orc wizard barely misses you.
The orc wizard hits you with a +0 dagger.
You die...

##.##
##.......#... .
##.# #.#
##.....##.. ...
#.# ...
##...##..
....o#.## ....
##'###....
.....o#... ##...
#.#.. ...
...ooo#.#. ##.
#.#.# ..
....o##.##
##.#.# .o ....#
#.# ####....#
.####### ..#
........o@#
.o..).. .##
.##.###.)o##...#
## # #........#
#.#.........#
...###########
###.# #.#


You could see 2 orc wizards.

Vanquished Creatures
  An orc priest (D:2)
  An adder (D:2)
  A worm (D:2)
  A dart slug (D:1)
  3 orcs (D:2)
  3 endoplasms
  A giant cockroach (D:2)
  7 goblins
  4 hobgoblins
  6 jackals
  2 kobolds
  4 quokkas (D:1)
  4 ball pythons (D:1)
  5 bats
  3 frilled lizards
  9 rats (D:1)
55 creatures vanquished.

Notes
Turn   | Place    | Note
-------+----------+-------------------------------------------
     0 | D:1      | qw the Minotaur Hexslinger began the quest for the Orb.
     0 | D:1      | Reached XP level 1. HP: 16/16 MP: 1/1
     0 | D:1      | 0 ||| qw: Version: 0.3-a-52-g30416fa
     0 | D:1      | 0 ||| qw: Game counter: 7787
     0 | D:1      | 0 ||| qw: Melee chars always use a shield: true
     0 | D:1      | 0 ||| qw: God list: Okawaru
     0 | D:1      | 0 ||| qw: Allow faded altars: false
     0 | D:1      | 0 ||| qw: Do Orc after clearing Dungeon:15 true
     0 | D:1      | 0 ||| qw: Do second Lair branch before Depths: true
     0 | D:1      | 0 ||| qw: Lair rune preference: random
     0 | D:1      | 0 ||| qw: Goals: Normal
     0 | D:1      | 0 ||| PLANNING D:1-11
    79 | D:1      | Reached skill level 3 in Ranged Weapons
    81 | D:1      | Reached XP level 2. HP: 23/23 MP: 2/2
   297 | D:1      | Reached XP level 3. HP: 29/29 MP: 3/3
   439 | D:1      | 439 ||| READING scroll labelled VUOHUGH FAGA.
   440 | D:1      | 440 ||| DROPPING scroll of poison.
   471 | D:2      | Reached skill level 4 in Ranged Weapons
   658 | D:2      | Reached XP level 4. HP: 36/36 MP: 4/4
   696 | D:2      | 696 ||| Stepping ~*~*~tactically~*~*~ (outnumbered).
   697 | D:2      | 697 ||| Stepping ~*~*~tactically~*~*~ (outnumbered).
   699 | D:2      | 699 ||| Stepping ~*~*~tactically~*~*~ (outnumbered).
   705 | D:2      | Reached skill level 5 in Ranged Weapons
   705 | D:2      | HP: 7/36 [orc wizard/+0 dagger (4)]
   706 | D:2      | HP: 2/36 [orc wizard/magic dart (5)]
   707 | D:2      | Slain by an orc wizard

Levels and vault maps discovered:
D:1:      doesnt_arrival_eight_statues, layout_rooms
D:2:      cheibrodos_pilgrimage, layout_loops_corners, minmay_tetromino_o2

Skill      XL: |  1  2  3  4 |
---------------+-------------+-----
Ranged Weapons | 3 4 5 |  5.1
Fighting       | 2 |  2.0
Dodging        | |  2.1
Spellcasting   | |  1.0
Hexes          | |  2.0

Action                     |  1- 3 |  4- 6 || total
---------------------------+-------+-------++-------
   Fire: Sling             |   118 |    17 ||   135
    Use: Scroll            |     1 |       ||     1
 Armour: Robe              |     5 |     4 ||     9
  Dodge: Dodged            |    32 |    10 ||    42

Table legend:
 A = Non-vault XP
 B = Vault XP
 C = Vault XP percentage of total XP
 D = Non-vault monster count
 E = Vault monster count
 F = Vault count percentage of total count
                 A         B        C        D         E       F
            +---------+---------+-------+---------+---------+-------
      Total |      96 |      57 |  37.3 |      50 |       5 |   9.1
            +---------+---------+-------+---------+---------+-------
        D:1 |      58 |       0 |   0.0 |      36 |       0 |   0.0
        D:2 |      38 |      57 |  60.0 |      14 |       5 |  26.3
            +---------+---------+-------+---------+---------+-------
